 Dungeon Crawl Stone Soup version 0.18-a0-425-ge088ad1 (webtiles) character file.

4823 4thArraOfDagon the Spear-Bearer (level 10, -1/88 HPs)
             Began as a Centaur Berserker on Nov 30, 2015.
             Was a High Priest of Trog.
             Slain by a hog (5 damage)
             ... led by Kirke
             ... on level 12 of the Dungeon.
             The game lasted 00:19:50 (3382 turns).

4thArraOfDagon the Spear-Bearer (Centaur Berserker) Turns: 3382, Time: 00:19:50

Health: -1/88      AC: 10    Str: 19    XL:     10   Next: 25%
Magic:  10/10      EV: 15    Int:  9    God:    Trog [*****.]
Gold:   197        SH:  0    Dex: 15    Spells: 0 memorised, 9 levels left

rFire  . . .     SeeInvis .     s - +0 halberd (chop)
rCold  . . .     Clarity  .     K - +0 scale mail (curse)
rNeg   . . .     SustAt   .     (shield currently unavailable)
rPois  .         Gourm    .     (helmet restricted)
rElec  .         Spirit   .     i - +0 cloak
rCorr  .         Dsmss    .     p - +0 pair of gloves
rMut   .         Rnd*Tele +     (no barding)
MR     ++...                    G - amulet of faith
Stlth  +.........               (no ring)
                                F - +1 ring of protection

@: agile, about to teleport, regenerating, very quick, very resistant to hostile
enchantments, very unstealthy
A: antennae 1, hooves 3, deformed body, speed 2, spit poison 1, teleportitis 1,
tough skin 3
a: Spit Poison, Berserk, Trog's Hand, Brothers in Arms, Burn Spellbooks,
Renounce Religion


You were on level 12 of the Dungeon.
You worshipped Trog.
Trog was extremely pleased with you.
You were not hungry.

You visited 1 branch of the dungeon, and saw 12 of its levels.
You also visited: Sewer and Ossuary.

You collected 291 gold pieces.
You spent 94 gold pieces at shops.

Inventory:

Hand Weapons
 a - a +0 spear
 k - a +0 scythe
 l - a +0 trident
 s - a +0 halberd of chopping (weapon)
Missiles
 J - a throwing net (quivered)
Armour
 i - a +0 cloak (worn)
 n - a +0 ring mail
 p - a +0 pair of gloves (worn)
 q - the +4 helmet of the Sun {+Blink rF+}
   (You took it off Robin on level 4 of the Dungeon)

   It protects you from fire.
   It lets you blink.
 I - a +0 plate armour
 K - a cursed +0 scale mail (worn)
Jewellery
 F - a +1 ring of protection (left hand)
 G - an amulet of faith (around neck)
 N - the amulet of Rifoid {+Rage rN+ MR+}
   (You found it on level 12 of the Dungeon)

   [amulet of rage]

   It protects you from negative energy.
   It affects your resistance to hostile enchantments.
   It lets you go berserk.
Wands
 h - a wand of flame (25)
 C - a wand of lightning (15)
Scrolls
 d - 2 scrolls of enchant armour {unknown}
 v - 4 scrolls of blinking {unknown}
 w - 5 scrolls of recharging
 y - 3 scrolls of teleportation
 z - a scroll of magic mapping
 H - 2 scrolls of remove curse
Potions
 f - 2 potions of flight {unknown}
 g - 4 potions of curing
 j - a potion of degeneration {unknown}
 m - a potion of beneficial mutation {unknown}
 o - 5 potions of might {unknown}
 r - 2 potions of magic
 A - 4 potions of haste {unknown}
 E - a potion of resistance {unknown}
Comestibles
 c - 3 bread rations
 x - 2 meat rations
 M - 6 chunks of flesh


   Skills:
 + Level 7.7 Fighting
 * Level 9.7 Polearms
 + Level 5.3 Armour
 - Level 4.3 Dodging


You had 9 spell levels left.
You didn't know any spells.

Dungeon Overview and Level Annotations

Branches:
Dungeon (12/15)               Orc (0/4) D:12
 Temple: D:4-7         Lair: D:8-11

Altars:
Cheibriados
Fedhas
Gozag
Makhleb
Yredelemnul
Zin

Shops:
D:6 *

Annotations:
D:11 4thArraOfDagon's ghost, journeyman HaGl
D:12 Kirke


Innate Abilities, Weirdness & Mutations

You have hooves in place of feet.
Armour fits poorly on your strangely shaped body.
You cover ground very quickly.
You have extremely tough skin (AC +3).
You have a pair of small antennae on your head.
You can spit weak poison.
You are occasionally teleported to nearby monsters.


Message History

Unknown command.
Drink which item? (? for menu, Esc to quit)
You feel better.
You feel the effects of Trog's Hand fading.
Your adder bites Kirke.
Your wyvern skeleton barely misses the hog.
The hog misses you.
The ogre hits something with a giant spiked club!!
Kirke hits you.
* * * LOW HITPOINT WARNING * * *
The orc wizard misses your adder. The orc closely misses your adder.
The hog bites you!
* * * LOW HITPOINT WARNING * * *
The ogre hits you with a giant club!
* * * LOW HITPOINT WARNING * * *
Your ogre barely misses the swamp drake.
Your adder bites the hog.
Your wyvern skeleton bites the hog.
The orc barely misses your gnoll sergeant.
The hog bites you.
You die... ####### ## #.≈...# ..o #≈....#.... #§§HZOo.... #§OhkSoO... o#@@hg.... #hoogg!o.

#§hggg...
#########
##########
..........
..........


You could see Kirke, a manticore, 4 hogs, a swamp drake, 2 ogres, an orc wizard,
4 orcs, a friendly ogre (berserk), a friendly gnoll sergeant, a friendly adder
and a friendly wyvern skeleton.

Vanquished Creatures
  A manticore (D:11)
  A centaur skeleton (D:11)
  3 trolls
  Sigmund (D:2)
  A wraith (D:10)
  3 yaks (D:11)
  A basilisk (D:11)
  2 orc warriors
  A sky beast (D:5)
  A water moccasin (D:12)
  A black bear (D:7)
  A phantom (D:7)
  2 ogres
  2 centaurs (D:11)
  An ice beast (D:11)
  2 elf zombies (Ossuary)
  4 giant frogs
  A scorpion (D:11)
  A killer bee (D:7)
  A crimson imp (D:11)
  3 centaur zombies
  An orc priest (D:7)
  A jelly (D:7)
  3 hounds
  5 orc wizards
  7 worker ants
  2 iguanas
  2 mummies (Ossuary)
  Robin (D:4)
  4 gnolls (D:7)
  8 river rats (Sewer)
  15 adders
  A shadow imp (D:11)
  An ooze (D:4)
  An adder zombie (Ossuary)
  3 worms
  An adder skeleton (D:6)
  9 orcs
  7 giant cockroaches
  2 hobgoblins
  9 ball pythons (Sewer)
  6 bats
  4 giant geckos
  6 giant newts
  11 goblins
  A goblin zombie (Ossuary)
  11 hobgoblin zombies (Ossuary)
  6 jackals
  A jackal skeleton (D:4)
  2 jackal zombies (Ossuary)
  7 kobolds
  8 kobold zombies (Ossuary)
  8 orc zombies (Ossuary)
  A quokka skeleton (D:6)
  21 rats
  2 rat zombies (Ossuary)
212 creatures vanquished.

Vanquished Creatures (collateral kills)
  2 hogs (D:12)
  An orc wizard (D:12)
  An orc (D:12)
4 creatures vanquished.

Grand Total: 216 creatures vanquished

Notes
Turn   | Place    | Note
--------------------------------------------------------------
     0 | D:1      | 4thArraOfDagon the Centaur Berserker began the quest for the Orb.
     0 | D:1      | Reached XP level 1. HP: 19/19 MP: 1/1
     0 | D:1      | AYE
    80 | D:1      | Reached XP level 2. HP: 25/26 MP: 2/2
   249 | D:2      | Noticed Sigmund
   264 | D:2      | Killed Sigmund
   264 | D:2      | Reached ** piety under Trog
   264 | D:2      | Reached skill level 4 in Polearms
   264 | D:2      | Reached XP level 3. HP: 13/33 MP: 3/3
   264 | D:2      | Reached XP level 4. HP: 15/40 MP: 4/4
   264 | D:2      | Reached XP level 5. HP: 17/46 MP: 5/5
   291 | D:2      | Found a burning altar of Makhleb.
   296 | D:2      | Found a glowing silver altar of Zin.
   296 | D:2      | Noticed an angel
   296 | D:2      | Noticed a green death
   322 | D:2      | Found an opulent altar of Gozag.
   653 | D:2      | Found a basalt altar of Yredelemnul.
   676 | D:4      | Noticed Robin
   696 | D:4      | Killed Robin
   727 | D:4      | Got a heavily runed helmet
   733 | D:4      | Identified the +4 helmet of the Sun {+Blink rF+} (You took it off Robin on level 4 of the Dungeon)
   733 | D:4      | :)
   778 | D:4      | Reached XP level 6. HP: 52/52 MP: 6/6
   862 | D:5      | Entered Level 5 of the Dungeon
   862 | D:5      | Found a snail-covered altar of Cheibriados.
   869 | D:5      | Reached *** piety under Trog
   881 | D:5      | scythetaur
   913 | D:5      | Found a blossoming altar of Fedhas.
   992 | D:6      | Reached skill level 5 in Polearms
   992 | D:6      | Reached XP level 7. HP: 60/60 MP: 7/7
  1064 | D:6      | Found a sand-covered staircase.
  1068 | Ossuary  | Entered an ossuary
  1356 | D:6      | Found a glowing drain.
  1398 | Sewer    | Entered a sewer
  1481 | Sewer    | Reached skill level 5 in Fighting
  1572 | Sewer    | Reached skill level 6 in Polearms
  1572 | Sewer    | Reached XP level 8. HP: 55/68 MP: 8/8
  1629 | Sewer    | Reached **** piety under Trog
  1909 | D:6      | Found Tiang's Assorted Antiques.
  1917 | D:6      | Bought a scroll labeled JUHAQ VIL QAD for 25 gold pieces
  1917 | D:6      | Bought a scroll labeled FIORPH VEOCS for 25 gold pieces
  1917 | D:6      | Bought a smoky white potion for 22 gold pieces
  1917 | D:6      | Bought a glowing sapphire potion for 22 gold pieces
  1989 | D:5      | Gained mutation: You are occasionally teleported to nearby monsters. [mutagenic meat]
  1990 | D:5      | Gained mutation: You can spit weak poison. [mutagenic meat]
  1991 | D:5      | Gained mutation: Your spells are a little harder to cast, but a little more powerful. [mutagenic meat]
  1992 | D:5      | Gained mutation: You have a pair of small antennae on your head. [mutagenic meat]
  1993 | D:5      | Lost mutation: Your spells are a little harder to cast, but a little more powerful. [mutagenic meat]
  2000 | D:6      | fucked up
  2146 | D:8      | Reached skill level 7 in Polearms
  2256 | D:7      | Reached ***** piety under Trog
  2396 | D:7      | Reached XP level 9. HP: 75/75 MP: 9/9
  2509 | D:7      | You fall through a shaft for 3 floors!
  2509 | D:10     | Entered Level 10 of the Dungeon
  2696 | D:11     | Noticed a centaur skeleton
  2705 | D:11     | Killed a centaur skeleton
  2705 | D:11     | Reached skill level 8 in Polearms
  2772 | D:11     | Noticed a manticore
  2802 | D:11     | Killed a manticore
  2802 | D:11     | Reached skill level 5 in Armour
  2807 | D:11     | Reached skill level 9 in Polearms
  2988 | D:11     | Noticed a white ugly thing
  3039 | D:11     | Reached XP level 10. HP: 86/86 MP: 10/10
  3083 | D:11     | Noticed 4thArraOfDagon's ghost (journeyman HaGl)
  3294 | D:12     | :(
  3333 | D:12     | ROTFL
  3356 | D:12     | Got a steaming garnet amulet
  3357 | D:12     | Identified the amulet of Rifoid {+Rage rN+ MR+} (You found it on level 12 of the Dungeon)
  3358 | D:12     | :(
  3367 | D:12     | Found a staircase to the Orcish Mines.
  3368 | D:12     | Noticed Kirke
  3368 | D:12     | :(
  3371 | D:12     | Noticed a manticore
  3375 | D:12     | :(
  3380 | D:12     | nothing i can do
  3382 | D:12     | HP: 4/88 [ogre/giant club (14)]
  3382 | D:12     | Slain by a hog

Vault maps used:
D:1:      evilmike_arrival_hilbert_curve, minmay_surrounded
D:2:      grunt_temple_overflow_order_and_chaos_2,
          nicolae_overflow_hidden_temple, tgw_xom,
          nicolae_dithmenos_through_a_glass_darkly, first_bread,
          nicolae_gozag_seed_capital, uniq_sigmund
D:3:      old_standard_altar, serial_undead, serial_undead_c, serial_undead_f,
          serial_undead_c, serial_undead_c, uniq_jessica, uniq_grinder,
          uniq_iyjb
D:4:      st_stairs_14, tso_altar, uniq_robin, uniq_pikel
D:5:      slow_altar_1, minitemple, minmay_temple_entry_butterflies,
          fedhas_altar_2
D:6:      serial_shops, nicolae_shop_statue_plus, gup_sewer_entry_glass,
          serial_bayou, serial_bayou_ford_a, serial_bayou_pond_d,
          serial_bayou_shore_b, serial_bayou_pond_e, serial_bayou_pond_e,
          enter_ossuary_5, uniq_crazy_yiuf_cottage
D:8:      dpeg_lair_monsters, grunt_ogre_cave, uniq_erolcha
D:9:      grunt_temple_overflow_forces_of_nature, kiku_gazebo_pond_becter,
          serial_shops, shop, evilmike_surprise_oklob
D:11:     evilmike_butchery
D:12:     erik_orc_1, corexii_corridor_pit, minivault_28, uniq_kirke,
          uniq_gastronok
Sewer:    sewer_minmay_w
Ossuary:  ossuary_tomb_1

Action                   |  1- 3 |  4- 6 |  7- 9 | 10-12 || total
-------------------------+-------+-------+-------+-------++-------
Melee: Spear             |    48 |       |       |       ||    48
       Scythe            |       |    62 |   103 |    16 ||   181
       Trident           |       |    17 |       |       ||    17
       Halberd           |       |       |   406 |    10 ||   416
Invok: Berserk           |     3 |     6 |    14 |     2 ||    25
       Trog's Hand       |       |       |     8 |     2 ||    10
       Brothers in Arms  |       |       |       |     1 ||     1
  Use: Scroll            |       |     3 |     2 |     7 ||    12
       Potion            |       |       |     1 |     8 ||     9
  Eat: Meat ration       |       |     1 |       |       ||     1
       Chunk             |       |     3 |    23 |     2 ||    28
       Bread ration      |       |       |     1 |     1 ||     2
